 Dungeon Crawl Stone Soup version 0.29-a0-234-g0dae59b3db (webtiles) character file.

Game seed: 13463953066950184101

52 Aksej the Skirmisher (level 3, 0/29 HPs)
             Began as a Demonspawn Monk on Mar 2, 2022.
             Slain by an orc
             ... wielding a +0 war axe
              (8 damage)
             ... on level 2 of the Dungeon.
             The game lasted 00:04:18 (2062 turns).

Aksej the Skirmisher (Demonspawn Monk)              Turns: 2062, Time: 00:04:18

Health: 0/29       AC: 10    Str: 11    XL:     3   Next: 60%
Magic:  3/3        EV: 14    Int: 11    God:
Gold:   66         SH:  0    Dex: 23    Spells: 2/2 levels left

rFire   . . .      SeeInvis .   a - +0 mace (protect)
rCold   . . .      Faith    .   (no shield)
rNeg    . . .      Spirit   .   b - +1 robe
rPois   .          Reflect  .   (helmet restricted)
rElec   .          Harm     .   (no cloak)
rCorr   +          Rampage  .   (no gloves)
Will    .....                   (no boots)
Stlth   +++.......              (no amulet)
HPRegen 0.09/turn               i - +6 ring of dexterity
MPRegen 0.08/turn               k - ring of resist corrosion

@: under a protective aura, studying Fire Magic
A: antennae 1, ignite blood 1
a: no special abilities


You were on level 2 of the Dungeon.
You visited 1 branch of the dungeon, and saw 3 of its levels.

You collected 66 gold pieces.

Inventory:

Hand Weapons
 a - a +0 mace of protection (weapon)
Armour
 b - a +1 robe (worn)
Jewellery
 c - a ring of magical power
 i - a +6 ring of dexterity (left hand)
 k - a ring of resist corrosion (right hand)
Scrolls
 e - a scroll of amnesia
 f - a scroll of enchant armour
 g - a scroll of vulnerability
Potions
 d - a potion of berserk rage
 h - 2 potions of ambrosia
 l - a potion of haste {unknown}


   Skills:
 * Level 3.5 Fighting
 + Level 3.2 Maces & Flails
 + Level 3.1 Dodging
 + Level 2.2 Stealth


You had 2 spell levels left.
You didn't know any spells.
Your spell library contained the following spells:

 Spells                   Type           Power      Damage    Failure   Level
 Sandblast                Erth           0%         2d4       34%         1
 Passwall                 Tmut/Erth      0%         N/A       47%         2
 Stone Arrow              Conj/Erth      0%         3d7       71%         3


Dungeon Overview and Level Annotations

Branches:
Dungeon (3/15)

Altars:


Innate Abilities, Weirdness & Mutations

You have a pair of small antennae on your head.
Your demonic aura sometimes causes spilled blood to erupt in flames.


Message History

The orc hits you with a +0 club.
An adder comes into view.
The orc closely misses you.
You barely miss the orc. The orc hits you with a +0 club.
You hit the adder.
Your weapon exudes an aura of protection.
The adder is moderately wounded.
The orc priest mumbles some strange prayers to Beogh against you.
Beogh smites you!
Ouch! That really hurt!
* * * LOW HITPOINT WARNING * * *
The adder closely misses you. The adder barely misses you.
You feel much better. The orc closely misses you.
The adder bites you but does no damage. The orc closely misses you.
The orc closely misses you.
The orc priest mumbles some strange prayers to Beogh against you.
Beogh smites you! The adder barely misses you.
The orc priest looks satisfied for a moment.
There is a stone staircase leading up here.
The adder closely misses you. The orc barely misses you.
You climb upwards.
There is a stone staircase leading down here.
You hit the adder but do no damage.
Your weapon exudes an aura of protection.
The adder is moderately wounded.
The adder bites you but does no damage. The orc hits you but does no damage.
The adder closely misses you. The orc misses you.
You completely miss the adder.
The adder is moderately wounded.
The adder bites you but does no damage. The orc closely misses you.
The adder bites you.
You hit the adder.
The adder is almost dead.
The adder is engulfed in blazing flames.
You kill the adder!
The orc closely misses you.
You hit the orc but do no damage. The orc hits you with a +0 war axe.
* * * LOW HITPOINT WARNING * * *
You completely miss the orc. The orc hits you with a +0 war axe!
You die...

#.# ##.#.#.# # #.#
##...## # ###.#
##)## #>..# #.####
#.### #....# #.#
####.# #.# #.# #o#
#.# #@# #)# #°#
#.###
#.############...[
#.................
##################


You could see an orc.

Vanquished Creatures
  2 adders (D:2)
  An orc (D:3)
  2 ball pythons (D:1)
  5 endoplasms
  6 goblins
  4 hobgoblins
  A quokka (D:1)
  2 frilled lizards
  5 kobolds (D:2)
  2 rats (D:1)
30 creatures vanquished.

Vanquished Creatures (others)
  11 plants (D:2)
11 creatures vanquished.

Grand Total: 41 creatures vanquished

Notes
Turn   | Place    | Note
-------+----------+-------------------------------------------
     0 | D:1      | Aksej the Demonspawn Monk began the quest for the Orb.
     0 | D:1      | Reached XP level 1. HP: 18/18 MP: 1/1
   357 | D:1      | Gained mutation: You have a pair of small antennae on your
                  | head. [demonic ancestry]
   357 | D:1      | Reached XP level 2. HP: 23/24 MP: 2/2
  1404 | D:2      | Gained mutation: Your demonic aura sometimes causes spilled
                  | blood to erupt in flames. [demonic ancestry]
  1404 | D:2      | Reached XP level 3. HP: 29/29 MP: 3/3
  1430 | D:2      | Found a faded altar of an unknown god.
  2062 | D:2      | Slain by an orc

Illustrated notes

Levels and vault maps discovered:
D:1:      psy_arrival_dodecagon, layout_basic, minmay_misc_feat_diagonals
D:2:      layout_loops_ring, basic_ecumenical_altar, serial_bayou_ford_a
D:3:      layout_loops_ring, wander_ebering_terrifying_dragon_lair

Skill      XL: |  1  2  3 |
---------------+----------+-----
Maces & Flails | 3 |  3.2
Stealth        | 2 |  2.2
Dodging        | 3 |  3.1
Fighting       | |  3.5

Action                   || total
-------------------------++-------
Melee: Mace              ||    95
       Punch             ||     1
  Use: Scroll            ||     8
       Potion            ||     1
 Stab: Sleeping          ||    10
Armor: Robe              ||    25
Dodge: Dodged            ||    68

Table legend: (Time is in decaauts)
 A = Elapsed time spent in this place.
 B = Non-inter-level travel time spent in this place.
 C = Inter-level travel time spent in this place.
 D = Time resting spent in this place.
 E = Time spent auto-exploring this place.
 F = Levels seen in this place.
 G = Mean time per level.
                   A        B        C        D        E       F      G
               +--------+--------+--------+--------+--------+-----+--------+
         Total |   2092 |   2055 |     37 |      0 |   1724 |   3 |  697.3 |
       Dungeon |   2092 |   2055 |     37 |      0 |   1724 |   3 |  697.3 |
               +--------+--------+--------+--------+--------+-----+--------+

Top non-repeatable levels by time:
     D:1: 1093 daAuts
     D:2: 887 daAuts
     D:3: 111 daAuts
